 Dungeon Crawl Stone Soup version 0.14.0-26-g1682e81 (webtiles) character file.

311 Heini the Skirmisher (level 5, 0/42 HPs)
             Began as a Hill Orc Fighter on Apr 26, 2014.
             Slain by an orc
             ... wielding a +0,+0 flail
              (8 damage)
             ... on Level 3 of the Dungeon.
             The game lasted 00:05:18 (1693 turns).

Heini the Skirmisher (Hill Orc Fighter)             Turns: 1693, Time: 00:05:19

HP   0/42        AC  5     Str 20      XL: 5   Next: 40%
MP   5/5         EV  6     Int  8      God:
Gold 152         SH 18     Dex 10      Spells:  0 memorised,  4 levels left

rFire  . . .     SeeInvis .     a - +0 war axe
rCold  . . .     Clarity  .     b - +0 scale mail
rNeg   . . .     Conserve .     c - +0 shield
rPois  .         rCorr    .     (no helmet)
rElec  .         rRot     .     (no cloak)
SustAb . .       Spirit   .     (no gloves)
rMut   .         Warding  .     (no boots)
Saprov + . .     Stasis   .     (no amulet)
MR     .....                    (no ring)
                                (no ring)

@: not resistant to hostile enchantments, extremely unstealthy
A: icy blue scales 1, blurry vision 1, deformed body, frail 1, saprovore 1, slow
metabolism 1
a: no special abilities


You were on level 3 of the Dungeon.
You were not hungry.

You visited 1 branch of the dungeon, and saw 3 of its levels.

You collected 152 gold pieces.

Inventory:

Hand weapons
 a - a +0,+0 war axe (weapon)
Armour
 b - a +0 scale mail (worn)
 c - a +0 shield (worn)
Comestibles
 d - a meat ration
 j - a rotting chunk of adder flesh
 k - a chunk of ball python flesh
 l - a bread ration
 r - a rotting chunk of jackal flesh
Scrolls
 f - a scroll of teleportation
 h - a scroll of identify
 i - 3 scrolls of magic mapping
 o - 2 scrolls of fog
Jewellery
 g - an uncursed ring of invisibility {unknown}
 p - a cursed -5 ring of protection {unknown}
Potions
 e - 2 potions of might
 n - 2 potions of cure mutation {unknown}
 q - a potion of poison {unknown}


   Skills:
 * Level 4.8 Fighting
 * Level 4.5 Axes
 * Level 4.7 Armour
 - Level 3.4 Shields


You had 4 spell levels left.
You didn't know any spells.

Dungeon Overview and Level Annotations

Branches:
Dungeon (3/15)

Altars:
Ashenzari
Nemelex Xobeh


Innate Abilities, Weirdness & Mutations

You can tolerate rotten meat.
You are partially covered in icy blue scales (AC +1).
Your vision is a little blurry.
Armour fits poorly on your strangely shaped body.
You are frail (-10% HP).
You have a slow metabolism.


Message History

You block the orc's attack.
You barely miss the orc.
The orc is heavily wounded.
You block the orc's attack.
You hit the orc.
The orc is severely wounded.
You block the orc's attack.
You closely miss the orc.
The orc is severely wounded.
The orc barely misses you.
You closely miss the orc.
The orc is heavily wounded.
You block the orc's attack.
You closely miss the orc.
The orc is heavily wounded.
The orc hits you but does no damage.
You barely miss the orc.
The orc is heavily wounded.
The orc hits you with a flail!
You die...

..##.# ##..# #
.....##.# #..#####
..%.#.##.# #.......
#....#.##(# ##.#####
......#.##.# #.# #
##...#...#.# #.#
........<..# #.#
.......o%...#######.#
#.[..)@...........#
##...).....########
#........%#
##.......## ##.....##
##...## #####


You could see an orc.

Vanquished Creatures
  An iguana (D:3)
  Ijyb (D:2)
  6 adders
  A giant mite (D:2)
  A giant gecko (D:3)
  4 orcs (D:3)
  A ball python (D:3)
  9 goblins
  2 hobgoblins
  6 jackals
  7 kobolds
  6 bats
  2 giant newts
  8 rats
55 creatures vanquished.

Notes
Turn   | Place    | Note
--------------------------------------------------------------
     0 | D:1      | Heini, the Hill Orc Fighter, began the quest for the Orb.
     0 | D:1      | Reached XP level 1. HP: 19/19 MP: 1/1
   253 | D:1      | Reached XP level 2. HP: 22/27 MP: 2/2
   565 | D:2      | Reached skill level 4 in Fighting
   759 | D:2      | Reached XP level 3. HP: 33/33 MP: 3/3
  1067 | D:2      | Found a sparkling altar of Nemelex Xobeh.
  1128 | D:2      | Reached XP level 4. HP: 24/41 MP: 4/4
  1212 | D:2      | Noticed Ijyb
  1243 | D:2      | Killed Ijyb
  1286 | D:2      | Gained mutation: You are partially covered in icy blue scales (AC +1). [potion of mutation]
  1286 | D:2      | Gained mutation: You are frail (-10% HP). [potion of mutation]
  1286 | D:2      | Gained mutation: Armour fits poorly on your strangely shaped body. [potion of mutation]
  1288 | D:2      | Gained mutation: Your vision is a little blurry. [potion of mutation]
  1288 | D:2      | Gained mutation: You have a slow metabolism. [potion of mutation]
  1452 | D:3      | Reached XP level 5. HP: 38/42 MP: 5/5
  1594 | D:3      | Found a shattered altar of Ashenzari.
  1693 | D:3      | Slain by an orc

Action                   |  1- 3 |  4- 6 || total
-------------------------+-------+-------++-------
Melee: War axe           |    90 |   106 ||   196
  Use: Scroll            |       |     7 ||     7
       Potion            |       |     2 ||     2
